 Dungeon Crawl Stone Soup version 0.20-a0-893-g832831a (webtiles) character file.

2167380 Leszczynek the Portalist (level 27, 256/256 HPs)
             Began as a Pale Draconian Wanderer on Mar 16, 2017.
             Was the Champion of the Shining One.
             Escaped with the Orb
             ... and 4 runes on Mar 17, 2017!
             The game lasted 06:54:46 (86798 turns).

Leszczynek the Portalist (Pale Draconian Wanderer) Turns: 86798, Time: 06:54:47

Health: 256/256    AC: 21    Str: 18    XL:     27
Magic:  38/38      EV: 35    Int: 19    God:    the Shining One [******]
Gold:   1602       SH: 20    Dex: 27    Spells: 0/49 levels left

rFire    + . .     SeeInvis +   a - +9 eveningstar (holy)
rCold    . . .     Gourm    .   (armour unavailable)
rNeg     + + +     Faith    .   L - +5 shield {AC+3}
rPois    .         Spirit   .   (helmet restricted)
rElec    .         Reflect  .   P - scarf {repulsion}
rCorr    .         Harm     .   Q - +1 pair of gloves of the Okapi {rF+}
MR       +++++                  I - +2 pair of boots {run}
Stlth    +.........             m - amulet of regeneration
Regen    1.0/turn               z - ring of the Leaf {EV+5 Int+3 Dex+6}
MPRegen  0.3/turn               X - ring of Fipserut {+Inv MR+++ EV+1 Dex+2 Stlth-}

@: very slightly contaminated, glowing, studying Fighting, repel missiles, quick
A: breathe steam, unfitting armour, big wings, claws 1, hooves 1, see invisible,
agile 1, inhibited regeneration, wild magic 1, cold-blooded, AC +13
0: Orb of Zot
}: 4/15 runes: serpentine, barnacled, silver, golden
a: Breathe Steam, Fly, Divine Shield, Cleansing Flame, Summon Divine Warrior,
Renounce Religion, Evoke Invisibility


You escaped.
You worshipped the Shining One.
The Shining One was exalted by your worship.
You were full.

You visited 11 branches of the dungeon, and saw 55 of its levels.
You visited 2 bazaars.
You also visited: Ice Cave and Volcano.

You collected 10785 gold pieces.
You spent 9183 gold pieces at shops.

Inventory:

Hand Weapons
 a - a +9 eveningstar of holy wrath (weapon)
Missiles
 u - 17 throwing nets (quivered)
Armour
 I - a +2 pair of boots of running (worn)
 L - a +5 shield of protection (worn)
 P - a scarf of repulsion (worn)
 Q - the +1 pair of gloves of the Okapi (worn) {rF+}
   (You bought it in a shop on level 2 of the Orcish Mines)

   It protects you from fire.
Jewellery
 b - an uncursed ring of poison resistance
 m - an amulet of regeneration (around neck)
 p - an uncursed ring of protection from fire
 s - an uncursed ring of resist corrosion
 z - the ring of the Leaf (right hand) {EV+5 Int+3 Dex+6}
   (You acquired it on level 3 of the Shoals)

   [ring of evasion]

   It affects your evasion (+5).
   It affects your intelligence (+3).
   It affects your dexterity (+6).
 V - an uncursed ring of protection from cold
 X - the ring of Fipserut (left hand) {+Inv MR+++ EV+1 Dex+2 Stlth-}
   (You bought it in a shop on level 1 of the Elven Halls)

   [ring of evasion]

   It affects your evasion (+1).
   It affects your dexterity (+2).
   It affects your resistance to hostile enchantments.
   It lets you turn invisible.
   It makes you less stealthy.
Wands
 i - a wand of confusion (24/48)
 r - a wand of enslavement (21/24)
 y - a wand of iceblast (7/15)
 A - a wand of acid (8/15)
 E - a wand of digging (13/24)
 Y - a wand of scattershot (8/9)
 Z - a wand of scattershot (3/9)
Scrolls
 e - 27 scrolls of remove curse {@r2}
 f - 23 scrolls of teleportation
 k - 11 scrolls of identify {@r1}
 x - 5 scrolls of recharging
 J - 3 scrolls of summoning
 O - 10 scrolls of blinking
 S - 13 scrolls of fog
 W - 8 scrolls of fear
Potions
 c - 4 potions of heal wounds {@q2}
 n - 3 potions of resistance
 q - 7 potions of mutation {!q}
 t - 2 potions of cancellation
 v - 5 potions of magic
 B - 10 potions of lignification {!q}
 C - 7 potions of ambrosia
 D - 5 potions of might
 G - 12 potions of curing {@q1}
 H - 8 potions of agility
 K - 7 potions of haste
 N - 3 potions of flight
 U - 3 potions of brilliance
Books
 T - a manual of Fighting
Miscellaneous
 g - a figurine of a ziggurat
 h - 4 boxes of beasts
 j - a phantom mirror
 l - a lightning rod (4/4)
 w - 6 sacks of spiders
 F - a fan of gales
 M - a lamp of fire
 R - a phial of floods
Comestibles
 d - 9 bread rations
 o - 18 meat rations


   Skills:
 - Level 22.6 Fighting
 - Level 20.1 Maces & Flails
   Level 4.5 Polearms
 - Level 15.0 Dodging
 - Level 1.0 Stealth
 - Level 15.2 Shields
 - Level 11.5 Spellcasting
 - Level 10.0 Conjurations
 - Level 10.0 Hexes
 - Level 7.0 Charms
 - Level 11.7 Summonings
 + Level 23.7 Translocations
 - Level 10.0 Transmutations
 - Level 5.3 Ice Magic
 - Level 8.2 Air Magic
 - Level 22.0 Invocations
 - Level 16.1 Evocations


You couldn't memorise any spells.
You knew the following spells:

 Your Spells              Type           Power        Failure   Level  Hunger
a - Ozocubu's Armour      Chrm/Ice       #####...     2%          3    None
b - Song of Slaying       Chrm           #####...     1%          2    None
c - Spectral Weapon       Hex/Chrm       ######..     1%          3    None
d - Passwall              Tmut/Erth      #####.....   2%          2    None
e - Apportation           Tloc           ######       1%          1    None
f - Irradiate             Conj/Tmut      ######....   6%          5    ####...
g - Passage of Golubria   Tloc           N/A          1%          4    ##.....
h - Yara's Violent Unrav  Hex/Tmut       ######....   6%          5    ####...
i - Summon Butterflies    Summ           ######..     1%          1    None
j - Summon Mana Viper     Hex/Summ       ######..     3%          5    ####...
k - Gell's Gravitas       Tloc           #######...   1%          3    None
l - Lesser Beckoning      Tloc           #######...   1%          3    None
m - Disjunction           Tloc           #######...   6%          8    #######
B - Blink                 Tloc           N/A          1%          2    None
P - Swiftness             Chrm/Air       ######..     1%          2    None


Dungeon Overview and Level Annotations

Branches:
Dungeon (15/15)            Temple (0/1) D:6            Lair (6/6) D:9
 Shoals (4/4) Lair:2        Snake (4/4) Lair:2        Slime (0/5) Lair:5
    Orc (2/2) D:10            Elf (3/3) Orc:2        Vaults (5/5) D:14
  Crypt (3/3) Vaults:3       Tomb (3/3) Crypt:3      Depths (5/5) D:15
    Zot (5/5) Depths:5

Altars:
Cheibriados
Fedhas
Gozag
Kikubaaqudgha
Makhleb
Wu Jian
Xom
Yredelemnul
The Shining One
Jiyva

Shops:
D:7 %   D:14 *   Orc:1 *   Orc:2 [**[   Elf:1 =}=:   Snake:4 (   Vaults:1 (?[(
Vaults:2 *   Vaults:3 [   Vaults:5 }   Depths:4 =((   Depths:5 (

Portals:
Hell: Depths:1 Depths:2 Depths:3 Depths:4 Depths:5
Abyss: Depths:1 Depths:4
Pandemonium: Depths:2 Depths:3 Depths:5
Ziggurat: Depths:5

Annotations:
D:3 ice beast
Lair:1 exclusion: hydra
Lair:4 exclusion: oklob plant
Depths:2 1 exclusion


Innate Abilities, Weirdness & Mutations

You can breathe blasts of scalding, opaque steam.
Your pale cyan-grey scales are hard. (AC +13)
You cannot fit into any form of body armour.
You are cold-blooded and may be slowed by cold attacks.
Your large and strong wings let you fly indefinitely.
You have sharp fingernails.
You have large cloven feet.
You have supernaturally acute eyesight. (SInv)
You are agile. (Dex +2)
You do not regenerate when monsters are visible.
Your spells are a little harder to cast, but a little more powerful.


Message History

A goblin comes into view.
Your extra speed is starting to run out.
You block the goblin's attack.
You bludgeon the goblin!!
You kill the goblin!
No target in view!
No target in view!
(D) Dungeon (T) Temple (L) Lair (A) Shoals (P) Snake Pit (M) Slime Pits (O) Orcish Mines (E) Elven Halls (V) Vaults (C) Crypt (W) Tomb (U) Depths (H) Hell (Z) Zot
Where to? (Enter - D:1 @ (x,y), ? - help)
You see here a goblin corpse.
You feel yourself slow down.
Magic restored.
There is an empty arch of ancient stone here.
You hear a grinding noise.
You hear a grinding noise.
There is a staircase leading out of the dungeon here.
You have escaped!

.........# #.# #........# #.#
(........# #.# #........# #.#
##.......## #############
###.....#.########...........#
#......###..)...##.♣.♣.♣.♣.♣.##
#.##....#.#######.........^...###
#.##.###.## #@.≈≈≈≈≈≈≈≈≈≈≈.∩..
#.##.# #.# ##.............###
#.##.###.# ##.♣.♣.♣.♣.♣.##..
#.##.....## #...........##.#
#.........# ##############.#
####.##...# #.#.# ≈≈...##...#
#.#.# #######...# ###.#.# #...#
#####......


There were no monsters in sight!

Vanquished Creatures
  The ghost of Ijustatesigmund the Ruinous, a legendary GrWz of Vehumet (Zot:4)
  7 orbs of fire (Zot:5)
  3 juggernauts (Depths:5)
  Mara (Vaults:5)
  2 ancient liches
  34 greater mummies
  Sojobo (Vaults:5)
  Boris (Crypt:1)
  2 Killer Klowns (Zot:5)
  Margery (Vaults:5)
  A curse toe (Zot:5)
  Vashnia (Snake:4)
  Nikola (Vaults:3)
  10 golden dragons
  Jory (Crypt:3)
  the Enchantress (Depths:2)
  A profane servitor (Crypt:3)
  A bone dragon (Crypt:3)
  Jorgrun (Vaults:5)
  7 tentacled monstrosities
  2 electric golems (Zot:5)
  7 liches
  24 Orb Guardians
  Asterion (Depths:2)
  3 acid blobs (Depths:2)
  4 death cobs
  2 deep elf blademasters (Elf:3)
  6 quicksilver dragons
  7 titans
  7 ancient champions
  12 sphinxes
  An Executioner (Zot:5)
  6 tengu reavers
  6 shadow dragons
  Kirke (Shoals:2)
  Roxanne (D:15)
  7 nagarajas
  2 revenants
  11 storm dragons
  7 azure jellies (Depths:2)
  14 frost giants
  6 draconian monks
  An orc warlord (Orc:1)
  14 fire giants
  5 ghost moths
  2 iron dragons (Vaults:5)
  2 draconian shifters
  16 vault wardens
  A draconian stormcaller (Zot:5)
  3 deep elf sorcerers (Elf:3)
  A cacodemon (D:12)
  2 curse skulls
  5 draconian knights
  Aizul (Shoals:1)
  2 balrugs
  5 ghouls
  7 deep elf elementalists
  11 ironheart preservers
  12 very ugly things
  An entropy weaver (Vaults:1)
  5 draconian annihilators
  6 spriggan defenders
  4 war gargoyles (Vaults:5)
  14 deep elf annihilators
  12 vampire knights
  2 bennus (Tomb:2)
  9 green draconians
  27 stone giants
  2 deep elf demonologists
  9 black draconians
  8 purple draconians
  11 white draconians
  4 yellow draconians
  10 spark wasps
  7 red draconians
  5 merfolk javelineers
  4 deep elf death magi
  Snorg (Lair:4)
  2 eidola
  12 ettins
  10 fire dragons
  9 merfolk impalers
  4 death oozes (Depths:2)
  17 jiangshi
  12 yaktaur captains
  Josephine (Shoals:1)
  27 mummy priests
  15 great orbs of eyes
  13 ogre magi
  A quicksilver dragon skeleton (Tomb:1)
  11 deep elf high priests
  16 naga warriors
  9 rakshasas
  A hell beast (Depths:2)
  38 vault guards
  A catoblepas (Lair:6)
  4 hydras
  3 satyrs
  12 ice dragons
  10 anacondas
  4 spriggan air magi
  2 alligator snapping turtles (Shoals:4)
  15 death knights
  4 merfolk aquamancers
  11 deep troll shamans
  17 centaur warriors
  10 deep troll earth magi
  11 tengu warriors
  43 two-headed ogres
  7 vampire magi
  30 dancing weapons
  34 death scarabs
  6 death yaks (Lair:6)
  6 orc high priests
  9 shock serpents
  19 naga sharpshooters
  16 hell knights
  Urug (D:11)
  A soul eater (Crypt:1)
  3 spriggan berserkers
  22 deep elf knights
  Sonja (D:12)
  5 iron trolls
  6 shadow wraiths
  2 sun demons
  A sixfirhy (D:12)
  The ghost of Quirk the Chopper, a novice DsFi of Wu Jian (D:6)
  8 sea snakes
  5 salamander mystics
  42 skeletal warriors
  A ghost moth zombie (Crypt:1)
  29 deep trolls
  3 unseen horrors
  11 naga ritualists
  3 glowing orange brains
  14 ironbrand convokers
  6 wizards
  5 phantasmal warriors
  12 flayed ghosts
  8 wolf spiders
  16 deep elf archers
  A lindwurm (shapeshifter) (Vaults:5)
  18 orc knights
  4 necromancers
  15 harpies
  A lindwurm (Lair:6)
  3 cyclopes
  A wolf spider (shapeshifter) (Depths:4)
  17 mana vipers
  60 deep elf magi
  10 orc sorcerers
  A stone giant zombie (Tomb:1)
  49 ugly things
  7 moths of wrath
  A shining eye (shapeshifter) (Vaults:2)
  14 fauns
  13 elephants (Lair:6)
  2 stone giant skeletons
  11 manticores
  15 salamanders
  17 naga magi
  A frost giant skeleton (Tomb:1)
  A guardian serpent (shapeshifter) (Depths:1)
  A rust devil (Depths:2)
  9 merfolk sirens
  6 guardian serpents
  2 orange demons (Depths:2)
  16 vault sentinels
  7 ice statues
  A water nymph (shapeshifter) (Vaults:5)
  37 black mambas
  5 water nymphs
  A shock serpent skeleton (Crypt:1)
  A spiny frog (shapeshifter) (Vaults:1)
  3 gargoyles
  8 komodo dragons
  A kobold demonologist (D:13)
  An efreet (D:13)
  12 spiny frogs
  4 rime drakes
  17 freezing wraiths
  A hellion (Depths:2)
  A golden dragon simulacrum (IceCv)
  A green draconian zombie (Crypt:2)
  A hellwing (Depths:2)
  47 yaktaurs
  41 guardian mummies
  2 anaconda simulacra (IceCv)
  A yellow draconian skeleton (Crypt:2)
  7 tengu conjurers
  2 ice devils
  A queen bee (shapeshifter) (Depths:4)
  6 red devils
  9 polar bears
  A meliai (D:15)
  A meliai (shapeshifter) (Vaults:2)
  9 trolls
  20 merfolk
  4 snapping turtles
  A wind drake (Shoals:4)
  Prince Ribbit (D:8)
  12 blink frogs
  7 hornets
  16 hippogriffs
  A bog body (Crypt:2)
  2 hydra skeletons (Crypt:2)
  16 slime creatures
  2 stone giant simulacra
  A fire dragon zombie (Crypt:3)
  8 dream sheep
  2 wind drakes (shapeshifter)
  2 hippogriffs (shapeshifter)
  80 flying skulls
  4 spriggans
  A vampire (D:13)
  38 ushabtiu
  14 wraiths
  5 shadows
  3 wyverns
  49 yaks
  4 fire elementals
  A tarantella (shapeshifter) (Vaults:5)
  4 large abominations
  9 air elementals
  11 water elementals
  A basilisk (shapeshifter) (Depths:4)
  3 small abominations (Crypt:3)
  3 dire elephant simulacra
  A golden eye (shapeshifter) (Depths:1)
  A human (D:14)
  Grum (D:8)
  2 basilisks
  A chaos spawn (Depths:2)
  6 fire bats
  A neqoxec (Zot:1)
  An emperor scorpion simulacrum (Crypt:3)
  2 steam dragons
  A vampire mosquito (D:12)
  5 hungry ghosts
  2 swamp worms (shapeshifter)
  2 harpy simulacra (IceCv)
  An acid dragon (Vaults:2)
  A spiny frog zombie (Crypt:2)
  A water nymph zombie (Crypt:2)
  58 nagas
  5 wargs
  A deep troll zombie (Crypt:1)
  An infernal demonspawn zombie (Crypt:2)
  An iron troll simulacrum (IceCv)
  A floating eye (shapeshifter) (Vaults:5)
  A hell hound (D:14)
  2 soldier ants
  13 water moccasins
  41 orc warriors
  A floating eye (Depths:3)
  11 porcupines
  A hydra simulacrum (IceCv)
  2 hornet zombies
  A porcupine (shapeshifter) (Depths:4)
  13 black bears
  3 eyes of draining
  A gelid demonspawn skeleton (Crypt:2)
  4 sky beasts
  A water nymph skeleton (Crypt:2)
  2 ettin simulacra
  7 phantoms
  9 ice beasts
  2 snapping turtle zombies (Crypt:2)
  A fire dragon simulacrum (Crypt:3)
  10 necrophages
  40 ogres
  12 wolves
  4 boggarts (Depths:1)
  24 centaurs
  10 crocodiles
  A crocodile (shapeshifter) (Depths:2)
  4 big kobolds
  A gnoll sergeant (D:9)
  22 bullfrogs
  3 earth elementals
  A wyvern zombie (D:12)
  2 wyvern skeletons
  A water moccasin zombie (Crypt:1)
  5 scorpions
  2 troll zombies (D:10)
  A raiju zombie (Crypt:2)
  10 killer bees
  A spriggan zombie (Crypt:1)
  8 wights
  4 howler monkeys
  3 electric eels
  2 lava snakes (D:14)
  11 crimson imps
  A black bear zombie (Crypt:1)
  3 centaur zombies
  A bullfrog zombie (D:6)
  10 jellies
  24 orc priests
  2 bullfrog skeletons (D:6)
  7 centaur skeletons
  8 hounds
  2 iguanas
  28 orc wizards
  7 hell rats (Lair:6)
  11 worker ants
  A porcupine skeleton (Crypt:1)
  6 ogre zombies (D:10)
  A tengu zombie (Crypt:2)
  2 hound skeletons
  60 mummies
  A worker ant zombie (D:10)
  5 gnolls
  2 howler monkey skeletons
  18 adders
  2 river rats (D:5)
  4 shadow imps
  8 oozes
  2 adder skeletons
  4 worms
  A barachi zombie (Crypt:1)
  4 dart slugs
  10 leopard geckos
  110 orcs
  5 bats
  5 giant cockroaches
  8 goblins
  8 hobgoblins
  14 jackals
  22 kobolds
  A kobold (shapeshifter) (Depths:2)
  5 quokkas
  6 ball pythons
  A ball python zombie (D:5)
  5 frilled lizards
  5 goblin zombies (D:10)
  3 hobgoblin zombies (D:10)
  A jackal skeleton (D:5)
  A leopard gecko zombie (D:5)
  2 orc skeletons (D:10)
  14 orc zombies (D:10)
  5 rats
  A crawling corpse (Vaults:5)
  3 fire vortices
  2 fungi
  3 plants
  A spectral weapon (Shoals:4)
2834 creatures vanquished.

Vanquished Creatures (collateral kills)
  An orb of fire (Zot:5)
  2 Killer Klowns (Zot:5)
  2 golden dragons (Zot:5)
  A tentacled monstrosity (Zot:5)
  4 Orb Guardians (Zot:5)
  A shadow dragon (Vaults:5)
  An iron dragon (Vaults:5)
  A very ugly thing (Vaults:5)
  A black draconian (Zot:5)
  A green draconian (Zot:5)
  A yellow draconian (Zot:5)
  A red draconian (Zot:5)
  A white draconian (Zot:5)
  A purple draconian (Zot:5)
  An anaconda (Snake:4)
  A dancing weapon (Vaults:5)
  A phantasmal warrior (Vaults:5)
  A naga mage (Snake:4)
23 creatures vanquished.

Vanquished Creatures (others)
  A fire giant (Depths:4)
  A red draconian (Zot:5)
  An ogre mage (Depths:4)
  A quicksilver dragon skeleton (Tomb:2)
  6 death scarabs (Tomb:2)
  A skeletal warrior (Tomb:2)
  A deep troll (Depths:5)
  2 orc knights
  A moth of wrath (Zot:5)
  A black mamba (Snake:1)
  2 guardian mummies (Tomb:2)
  A hippogriff (D:8)
  6 flying skulls
  A human (Shoals:2)
  A sky beast (D:8)
  An orc warrior (D:8)
  2 ogres
  A mummy (Tomb:2)
  A worker ant zombie (D:9)
  2 orcs
  An orc zombie (D:10)
  9 fungi
  12 plants
  17 spectral weapons
73 creatures vanquished.

Grand Total: 2930 creatures vanquished

Notes
Turn   | Place    | Note
-------+----------+-------------------------------------------
     0 | D:1      | Leszczynek the Draconian Wanderer began the quest for the Orb.
     0 | D:1      | Leszczynek set off with: a +2 spear, a +0 shortbow, 21 arrows, a bread ration, a scroll of teleportation
     0 | D:1      | Reached XP level 1. HP: 23/23 MP: 1/1
     0 | D:1      | 14/11/11 (+4/+3/+5)
     0 | D:1      | 5.4 in fighting
     0 | D:1      | huh
     0 | D:1      | i don't like draconians
     0 | D:1      | they're deceptively bad in melee
     0 | D:1      | no gdr really gets you
   123 | D:1      | Reached XP level 2. HP: 28/29 MP: 2/2
   137 | D:1      | Reached skill level 3 in Polearms
   795 | D:2      | Reached XP level 3. HP: 34/36 MP: 3/3
   796 | D:2      | wait wait wait
   796 | D:2      | i'm fucking retarded
   796 | D:2      | i don't need str
   796 | D:2      | ughhhhhhhhhhhh
   796 | D:2      | stupid habit
   962 | D:2      | Reached skill level 4 in Polearms
  1136 | D:2      | Reached XP level 4. HP: 27/42 MP: 4/4
  1636 | D:3      | Found a faded altar of an unknown god.
  1655 | D:3      | this is a streak
  1655 | D:3      | i really shouldn't
  1655 | D:3      | (XD)
  1656 | D:3      | Became a worshipper of the Shining One
  1656 | D:3      | Reached * piety under the Shining One
  1657 | D:3      | eh, could be worse
  1659 | D:3      | could be better too
  1908 | D:3      | Noticed an ice beast
  2167 | D:3      | Reached skill level 1 in Maces & Flails
  2344 | D:3      | Reached skill level 2 in Shields
  2456 | D:3      | Reached XP level 5. HP: 48/48 MP: 5/5
  2534 | D:4      | Noticed an ogre
  2535 | D:4      | oh come on
  2673 | D:4      | Noticed an ogre
  2674 | D:4      | you can't be serious
  2802 | D:4      | Reached skill level 2 in Maces & Flails
  3040 | D:4      | Reached skill level 3 in Maces & Flails
  3113 | D:4      | Reached XP level 6. HP: 49/56 MP: 6/6
  3282 | D:4      | Reached skill level 3 in Shields
  3707 | D:4      | Reached skill level 4 in Maces & Flails
  3781 | D:4      | Your scales start taking on a pale cyan-grey colour.
  3781 | D:4      | Reached XP level 7. HP: 59/61 MP: 7/7
  3782 | D:4      | pale
  3782 | D:4      | it's the worst one right
  3782 | D:4      | at least i have +evo apt
  3925 | D:4      | Reached skill level 5 in Maces & Flails
  4006 | D:4      | Reached ** piety under the Shining One
  4014 | D:4      | Reached skill level 4 in Shields
  4015 | D:4      | oh
  4015 | D:4      | it's not bad
  4428 | D:4      | Reached skill level 6 in Maces & Flails
  4578 | D:5      | Entered Level 5 of the Dungeon
  4591 | D:5      | Reached skill level 7 in Maces & Flails
  4776 | D:5      | Reached XP level 8. HP: 57/69 MP: 8/8
  4826 | D:5      | Found an opulent altar of Gozag.
  5182 | D:4      | Reached skill level 8 in Maces & Flails
  5493 | D:5      | Reached skill level 9 in Maces & Flails
  5612 | D:5      | Reached skill level 1 in Invocations
  5719 | D:5      | Reached skill level 2 in Invocations
  6069 | D:5      | Reached XP level 9. HP: 74/74 MP: 10/10
  6280 | D:6      | Reached *** piety under the Shining One
  6322 | D:6      | Noticed Quirk's ghost (novice DsFi)
  6324 | D:6      | Reached skill level 10 in Maces & Flails
  6324 | D:6      | Reached skill level 3 in Invocations
  6513 | D:6      | Found a staircase to the Ecumenical Temple.
  7009 | D:6      | Found an ornate altar of the Wu Jian Council.
  7174 | D:5      | Reached skill level 4 in Invocations
  7219 | D:7      | Identified the +5 flail of Purpose {venom, rPois rF+ Str+3} (You found it on level 7 of the Dungeon)
  7255 | D:7      | Found Silimiu's Food Emporium.
  7359 | D:7      | Reached skill level 1 in Dodging
  7733 | D:7      | Reached skill level 11 in Maces & Flails
  7876 | D:8      | Reached skill level 2 in Dodging
  8247 | D:8      | Reached skill level 3 in Dodging
  8456 | D:8      | Reached XP level 10. HP: 72/81 MP: 13/13
  8548 | D:8      | Noticed Prince Ribbit
  8556 | D:8      | Killed Prince Ribbit
  8601 | D:8      | Reached **** piety under the Shining One
  8614 | D:8      | Reached skill level 12 in Maces & Flails
  8707 | D:8      | Noticed Grum
  8728 | D:8      | Killed Grum
  9013 | D:8      | Reached skill level 6 in Fighting
  9055 | D:8      | Reached skill level 4 in Dodging
  9059 | D:8      | Noticed a deep elf mage
  9077 | D:8      | Killed a deep elf mage
  9266 | D:8      | triple sword
  9266 | D:8      | lol
  9329 | D:8      | Reached skill level 7 in Fighting
  9347 | D:8      | Identified a scroll of acquirement
  9350 | D:8      | distortion from acquirement
  9350 | D:8      | the game just got needlessly interesting
  9358 | D:8      | the problem with distortion is that you don't get xp from banishment
  9358 | D:8      | and you'll banish things a fucking lot
  9358 | D:8      | and of course the whole blinking archers thing
  9365 | D:8      | the sky beast is devoured by a tear in reality.
  9396 | D:8      | let's hope i find brand weapon soon
  9396 | D:8      | pleeeeeeeeease
  9425 | D:8      | the orc warrior is devoured by a tear in reality.
  9519 | D:8      | the hippogriff is devoured by a tear in reality.
  9795 | D:9      | the worker ant zombie is devoured by a tear in reality.
  9853 | D:9      | Reached ***** piety under the Shining One
 10008 | D:9      | Reached skill level 5 in Dodging
 10043 | D:9      | Found a staircase to the Lair.
 10682 | D:10     | Entered Level 10 of the Dungeon
 10715 | D:10     | Reached skill level 8 in Fighting
 10715 | D:10     | Reached XP level 11. HP: 94/94 MP: 14/14
 10742 | D:10     | Noticed an orc sorcerer
 10761 | D:10     | Reached skill level 13 in Maces & Flails
 10777 | D:10     | Killed an orc sorcerer
 10814 | D:10     | Found a staircase to the Orcish Mines.
 10838 | D:10     | Reached ****** piety under the Shining One
 10845 | D:10     | Identified a +9 eveningstar of holy wrath (a +9 eveningstar of distortion blessed by the Shining One)
 10845 | D:10     | Received a gift from the Shining One
 10846 | D:10     | oh, right
 10846 | D:10     | thank god for TSO's 6* ability
 10846 | D:10     | wow
 10846 | D:10     | TSO best god
 10846 | D:10     | confirmed
 11223 | D:10     | Noticed a two-headed ogre
 11231 | D:10     | Killed a two-headed ogre
 11231 | D:10     | Reached skill level 5 in Invocations
 11272 | D:11     | Noticed a two-headed ogre
 11281 | D:11     | Killed a two-headed ogre
 11282 | D:11     | Reached skill level 6 in Dodging
 11294 | D:11     | Reached skill level 6 in Invocations
 11709 | D:11     | Found a blossoming altar of Fedhas.
 11813 | D:11     | Noticed Urug
 11828 | D:11     | Killed Urug
 11828 | D:11     | Reached skill level 9 in Fighting
 12216 | D:11     | Noticed a purple ugly thing
 12226 | D:11     | Killed a purple ugly thing
 12509 | D:12     | Noticed Sonja
 12619 | Lair:1   | Entered Level 1 of the Lair of Beasts
 13032 | Lair:1   | Noticed a five-headed hydra
 13053 | Lair:1   | Reached skill level 10 in Fighting
 13053 | Lair:1   | Reached skill level 7 in Dodging
 13061 | Lair:1   | Reached XP level 12. HP: 100/106 MP: 16/16
 13090 | Lair:1   | Noticed an eight-headed hydra
 13108 | Lair:1   | Killed an eight-headed hydra
 13258 | Lair:1   | Learned a level 3 spell: Ozocubu's Armour
 13740 | Lair:2   | Found a staircase to the Snake Pit.
 14152 | Lair:2   | Found a staircase to the Shoals.
 14162 | Lair:2   | Reached skill level 14 in Maces & Flails
 15126 | Lair:3   | Reached skill level 8 in Dodging
 15208 | Lair:3   | Reached skill level 1 in Ice Magic
 15255 | Lair:3   | Reached skill level 1 in Charms
 15435 | Lair:3   | Reached skill level 2 in Ice Magic
 15445 | Lair:3   | Reached skill level 2 in Charms
 15686 | Lair:3   | Noticed an eight-headed hydra
 15748 | Lair:3   | Killed an eight-headed hydra
 15764 | Lair:3   | Reached skill level 3 in Ice Magic
 15769 | Lair:3   | Reached skill level 3 in Charms
 16346 | Lair:4   | Reached skill level 4 in Ice Magic
 16532 | Lair:4   | Noticed Snorg
 16544 | Lair:4   | Reached skill level 4 in Charms
 16554 | Lair:4   | Killed Snorg
 16554 | Lair:4   | Reached skill level 2 in Evocations
 16559 | Lair:4   | Reached XP level 13. HP: 80/114 MP: 14/17
 16588 | Lair:4   | Reached skill level 3 in Evocations
 16600 | Lair:4   | Reached skill level 5 in Ice Magic
 17111 | Lair:5   | Upgraded the game from 0.20-a0-876-g2c7b0bf to 0.20-a0-893-g832831a
 17280 | Lair:5   | Learned a level 2 spell: Song of Slaying
 17285 | Lair:5   | Learned a level 3 spell: Spectral Weapon
 17452 | Lair:5   | Found a staircase to the Slime Pits.
 17453 | Lair:5   | Found a viscous altar of Jiyva.
 17484 | Lair:5   | Reached skill level 4 in Evocations
 17727 | Lair:6   | Entered Level 6 of the Lair of Beasts
 17736 | Lair:5   | Reached skill level 5 in Charms
 18017 | Lair:6   | Reached skill level 6 in Charms
 18143 | Lair:6   | Reached skill level 1 in Spellcasting
 18174 | Lair:6   | Reached skill level 2 in Spellcasting
 18292 | Lair:6   | Reached skill level 3 in Spellcasting
 18474 | Lair:6   | Reached skill level 1 in Hexes
 18532 | Lair:6   | Reached skill level 2 in Hexes
 18537 | Lair:6   | Reached skill level 5 in Evocations
 18780 | Lair:6   | Reached skill level 3 in Hexes
 19003 | Lair:6   | Reached skill level 6 in Evocations
 19434 | Lair:6   | Reached skill level 4 in Hexes
 19618 | Lair:6   | Identified a +1 pair of boots of running (You acquired it on level 6 of the Lair of Beasts)
 19691 | Lair:6   | Reached skill level 7 in Evocations
 20369 | Lair:6   | Reached skill level 8 in Evocations
 20622 | Lair:6   | Reached XP level 14. HP: 78/122 MP: 8/20
 20627 | Lair:6   | Reached skill level 11 in Fighting
 21108 | Lair:1   | Reached skill level 9 in Dodging
 21407 | Orc:1    | Entered Level 1 of the Orcish Mines
 21407 | Orc:1    | Found a burning altar of Makhleb.
 21651 | D:10     | GDR DOESN'T MATTER XD
 21989 | Orc:1    | Reached skill level 15 in Maces & Flails
 22500 | Orc:2    | Entered Level 2 of the Orcish Mines
 22506 | Orc:2    | Noticed an orc warlord
 22531 | Orc:1    | Killed an orc warlord
 22683 | Orc:1    | Found Kiotaa's General Store.
 22742 | Orc:1    | Bought a +2 cloak of magic resistance for 258 gold pieces
 23122 | Orc:2    | Found a staircase to the Elven Halls.
 23155 | Orc:2    | Found a dark tunnel.
 23161 | Volcano  | Entered a volcano
 24049 | Orc:2    | Reached skill level 12 in Fighting
 24049 | Orc:2    | Reached skill level 10 in Dodging
 25002 | Orc:2    | Found Nennoxza's General Store.
 25002 | Orc:2    | Found Jur Vuo's Antique Armour Emporium.
 25004 | Orc:2    | Found Sixar's Assorted Antiques.
 25004 | Orc:2    | Found Alleruk's Armour Boutique.
 25012 | Orc:2    | Bought a coppery potion for 28 gold pieces
 25012 | Orc:2    | Bought a scroll labeled HUF KEUMIAKIMO for 32 gold pieces
 25012 | Orc:2    | Bought a scroll labeled CUEXZE WONESH for 32 gold pieces
 25012 | Orc:2    | Bought a scroll of fog for 64 gold pieces
 25020 | Orc:2    | Bought a scroll of fog for 24 gold pieces
 25020 | Orc:2    | Bought a scroll of teleportation for 36 gold pieces
 25020 | Orc:2    | Bought a potion of haste for 120 gold pieces
 25020 | Orc:2    | Bought a scroll of teleportation for 36 gold pieces
 25025 | Orc:2    | Bought a pair of warped gloves for 256 gold pieces
 25030 | Orc:2    | Identified the +1 pair of gloves of the Okapi {rF+} (You bought it in a shop on level 2 of the Orcish Mines)
 25815 | D:12     | Killed Sonja
 26131 | D:12     | Noticed a stone giant
 26179 | D:11     | what the actual fuck
 26804 | D:12     | Killed a stone giant
 26805 | D:12     | Reached XP level 15. HP: 116/134 MP: 16/21
 26809 | D:12     | Reached skill level 7 in Invocations
 27872 | D:13     | Reached skill level 9 in Evocations
 28586 | D:13     | Learned a level 2 spell: Passwall
 28673 | D:13     | Reached skill level 16 in Maces & Flails
 28683 | D:13     | Reached skill level 8 in Invocations
 29155 | D:14     | Reached skill level 5 in Shields
 29231 | D:14     | Found a gate to the Vaults.
 29358 | D:14     | Found Opoymea's General Store.
 29362 | D:14     | Bought a scroll of fear for 52 gold pieces
 29528 | D:14     | Reached skill level 6 in Shields
 29951 | D:14     | Reached skill level 9 in Invocations
 29964 | D:14     | Reached skill level 7 in Shields
 30381 | D:14     | manual of shields baby
 30381 | D:14     | the vault totally looks like it'd fire magic lol
 30464 | D:15     | Entered Level 15 of the Dungeon
 30624 | D:15     | Found a staircase to the Depths.
 30625 | D:15     | Noticed a fire giant
 30713 | D:15     | Found a runed door.
 30716 | D:15     | Noticed a shadow dragon
 30717 | D:15     | wait why did i do this
 30717 | D:15     | why am i so braindead
 30719 | D:15     | Reached skill level 8 in Shields
 30981 | D:15     | Reached skill level 9 in Shields
 31238 | D:15     | Found a snail-covered altar of Cheibriados.
 31264 | D:15     | Learned a level 1 spell: Apportation
 31302 | D:15     | Noticed Roxanne
 31694 | D:14     | Bought a scroll of recharging for 142 gold pieces
 31980 | D:15     | Killed a shadow dragon
 32317 | Shoals:1 | Entered Level 1 of the Shoals
 32331 | Lair:2   | Reached skill level 10 in Shields
 32331 | Lair:2   | Reached skill level 10 in Invocations
 32674 | Shoals:1 | Noticed Josephine
 32719 | Shoals:1 | Killed Josephine
 32719 | Shoals:1 | Reached XP level 16. HP: 133/141 MP: 23/23
 33318 | Shoals:1 | Reached skill level 11 in Shields
 33539 | Shoals:1 | Noticed Aizul
 33567 | Shoals:1 | Killed Aizul
 33581 | Shoals:1 | regeneration please
 34143 | Shoals:1 | yes yes 200 turns of rest every monster
 34143 | Shoals:1 | draconians of tso baby
 34335 | Shoals:2 | right, spectral weapon goes out if you swap your equipped weapon
 34768 | Shoals:2 | Reached skill level 12 in Shields
 34774 | Shoals:2 | Reached skill level 13 in Fighting
 35045 | Shoals:2 | Noticed Kirke
 35064 | Shoals:2 | Killed Kirke
 35486 | Shoals:3 | Got a flickering lapis lazuli ring
 35488 | Shoals:3 | Identified the ring of the Leaf {EV+5 Int+3 Dex+6} (You acquired it on level 3 of the Shoals)
 35489 | Shoals:3 | ok, this is nice
 35890 | Shoals:3 | Reached skill level 13 in Shields
 35994 | Shoals:4 | Entered Level 4 of the Shoals
 35994 | Shoals:4 | Noticed a kraken
 36045 | Shoals:3 | Reached skill level 11 in Invocations
 36084 | Shoals:4 | jesus
 36084 | Shoals:4 | what's worse
 36084 | Shoals:4 | this, or snake without rpois
 36084 | Shoals:4 | unless you can call +5 flail a good source of rpois
 36084 | Shoals:4 | i have 0 blinking too
 36084 | Shoals:4 | 3 haste
 36122 | Shoals:4 | Reached skill level 1 in Translocations
 36188 | Shoals:4 | Identified the Catalogue of the Shifting Rocks
 36196 | Shoals:4 | Learned a level 5 spell: Irradiate
 36197 | Shoals:4 | doubtful i'll use it though
 36219 | Shoals:4 | polyphemus
 36219 | Shoals:4 | how nice
 36219 | Shoals:4 | :/
 36309 | Shoals:4 | Reached skill level 2 in Translocations
 36338 | Shoals:4 | no nvm, must have been a cyclops
 36416 | Shoals:4 | Reached skill level 14 in Shields
 36665 | Shoals:4 | Got a barnacled rune of Zot
 36666 | Shoals:4 | wow
 36738 | Shoals:4 | Reached skill level 15 in Shields
 36749 | Shoals:4 | Got a coiled jade amulet
 36750 | Shoals:4 | Identified the amulet of Cyxap {+Inv rPois rC- Regen+ SInv} (You took it off a merfolk on level 4 of the Shoals)
 36751 | Shoals:4 | ALMOST good
 36751 | Shoals:4 | but i still need it for snake
 36954 | Shoals:4 | Reached XP level 17. HP: 112/151 MP: 25/25
 36988 | Shoals:4 | can i get out of here please
 37165 | Lair:2   | is there anything with cold damage in snake?
 37165 | Lair:2   | i don't think there is
 37199 | Snake:1  | Entered Level 1 of the Snake Pit
 37200 | Snake:1  | great start
 37423 | Snake:1  | ok, isn't that bad
 38120 | Snake:1  | Reached skill level 14 in Fighting
 38120 | Snake:1  | Reached skill level 10 in Evocations
 38223 | Snake:2  | Found a gateway to a bazaar.
 38224 | Snake:2  | perma bazaar
 38224 | Snake:2  | nice
 38414 | Snake:2  | Found a frozen archway.
 38579 | IceCv    | Entered an ice cave
 39254 | IceCv    | Learned a level 4 spell: Passage of Golubria
 39257 | IceCv    | Learned a level 2 spell: Swiftness
 39266 | IceCv    | Identified the Grimoire of Flamy Self-Improvement
 39438 | Bazaar   | Entered a bazaar
 39438 | Bazaar   | Found Plog's Assorted Antiques.
 39446 | Bazaar   | eos
 39446 | Bazaar   | and i'm 86 short
 39450 | Bazaar   | Found Foamonk's Jewellery Emporium.
 39456 | Bazaar   | Found Byschoik's Distillery.
 39463 | Bazaar   | Found Meinn's Antique Weapon Emporium.
 39468 | Bazaar   | Found Yzugops's Gadget Shop.
 39478 | Bazaar   | Bought a wand of digging (13/24) for 646 gold pieces
 39478 | Bazaar   | Bought a box of beasts for 380 gold pieces
 39490 | Bazaar   | Bought 2 potions of haste for 180 gold pieces
 39490 | Bazaar   | Bought a potion of haste for 90 gold pieces
 39490 | Bazaar   | Bought a potion of magic for 72 gold pieces
 39490 | Bazaar   | Bought a potion of agility for 36 gold pieces
 39496 | Bazaar   | Bought an uncursed amulet of regeneration for 300 gold pieces
 39496 | Bazaar   | Bought an uncursed ring of poison resistance for 200 gold pieces
 39695 | Snake:2  | Reached skill level 11 in Evocations
 39811 | Snake:2  | Reached skill level 11 in Dodging
 40558 | Snake:3  | Reached skill level 15 in Fighting
 41544 | Snake:3  | Reached skill level 12 in Dodging
 41770 | Snake:3  | Reached XP level 18. HP: 136/163 MP: 20/26
 41834 | Snake:4  | Entered Level 4 of the Snake Pit
 41871 | Snake:4  | Found Ogaotteu's Antique Weapon Shoppe.
 42230 | Snake:4  | Reached skill level 16 in Fighting
 42270 | Snake:4  | Reached skill level 3 in Translocations
 42306 | Snake:4  | Reached skill level 4 in Translocations
 42576 | Snake:4  | Reached skill level 5 in Translocations
 42816 | Snake:4  | Noticed Vashnia
 42841 | Snake:4  | vashnia in the rune vault
 42841 | Snake:4  | great
 43009 | Snake:4  | Killed Vashnia
 43009 | Snake:4  | Reached skill level 6 in Translocations
 43012 | Snake:4  | ok, it seems i'd have to train conj/tmut to 9-10
 43012 | Snake:4  | for irradiate
 43012 | Snake:4  | not impossible
 43197 | Snake:4  | Reached skill level 7 in Translocations
 43290 | Snake:4  | more like to 10
 43447 | Snake:4  | Reached skill level 8 in Translocations
 43776 | Snake:4  | Got a serpentine rune of Zot
 44152 | Vaults:1 | Entered Level 1 of the Vaults
 44156 | Vaults:1 | Found Etewn's Weapon Shop.
 44156 | Vaults:1 | Found Dokon's Magic Scroll Boutique.
 44167 | Vaults:1 | Bought a scroll of fog for 32 gold pieces
 44167 | Vaults:1 | Bought a scroll of identify for 32 gold pieces
 44167 | Vaults:1 | Bought a scroll of blinking for 120 gold pieces
 44167 | Vaults:1 | Bought a scroll of identify for 32 gold pieces
 44167 | Vaults:1 | Bought a scroll of identify for 32 gold pieces
 44167 | Vaults:1 | Bought a scroll of teleportation for 48 gold pieces
 44167 | Vaults:1 | Bought a scroll of teleportation for 48 gold pieces
 44177 | Vaults:1 | oh boy
 44183 | Vaults:1 | Noticed a Hell Sentinel
 44183 | Vaults:1 | jesus christ fuck off
 44183 | Vaults:1 | Noticed a Brimstone Fiend
 44185 | Vaults:1 | .............................
 44330 | Vaults:1 | Reached skill level 5 in Hexes
 44656 | Vaults:1 | Reached skill level 13 in Dodging
 44761 | Vaults:1 | Reached skill level 6 in Hexes
 44916 | Vaults:1 | Reached skill level 1 in Air Magic
 44948 | Vaults:1 | Reached skill level 2 in Air Magic
 44958 | Vaults:1 | Reached XP level 19. HP: 149/172 MP: 27/27
 45070 | Vaults:1 | Reached skill level 3 in Air Magic
 45085 | Vaults:1 | my 57% doesn't work twice, his 10% works at first try
 45085 | Vaults:1 | naturally
 45151 | Vaults:1 | Reached skill level 4 in Air Magic
 45285 | Vaults:1 | Reached skill level 7 in Charms
 45541 | Vaults:1 | Reached skill level 1 in Conjurations
 45541 | Vaults:1 | Reached skill level 1 in Transmutations
 45779 | Vaults:1 | Reached skill level 2 in Transmutations
 45836 | Vaults:1 | Reached skill level 2 in Conjurations
 46033 | Vaults:1 | Found Elayl's Antique Weapon Emporium.
 46036 | Vaults:1 | Found Dinog's Antique Armour Boutique.
 46103 | Vaults:1 | Reached skill level 3 in Transmutations
 46138 | Vaults:2 | >shining eye
 46138 | Vaults:2 | fucking shapeshifters man
 46146 | Vaults:2 | Reached skill level 3 in Conjurations
 46298 | Vaults:2 | Reached skill level 4 in Transmutations
 46510 | Vaults:2 | Reached skill level 4 in Conjurations
 46701 | Vaults:2 | Found Kutzood's Assorted Antiques.
 46705 | Vaults:2 | Bought a scroll of summoning for 247 gold pieces
 46705 | Vaults:2 | Bought a runed shield for 195 gold pieces
 46917 | Vaults:2 | Reached skill level 5 in Transmutations
 46925 | Vaults:2 | Reached skill level 5 in Conjurations
 47214 | Vaults:2 | Reached skill level 6 in Conjurations
 47214 | Vaults:2 | Reached skill level 6 in Transmutations
 47578 | Vaults:2 | Reached skill level 7 in Conjurations
 47578 | Vaults:2 | Reached skill level 7 in Transmutations
 48137 | Vaults:3 | Reached skill level 8 in Conjurations
 48164 | Vaults:3 | Reached skill level 8 in Transmutations
 48226 | Vaults:3 | nice
 48226 | Vaults:3 | much time to react
 48231 | Vaults:3 | Reached XP level 20. HP: 180/180 MP: 28/28
 48232 | Vaults:3 | Reached skill level 4 in Spellcasting
 48304 | Vaults:3 | Found Oqathut's Antique Armour Shoppe.
 48526 | Vaults:3 | Reached skill level 5 in Spellcasting
 48610 | Vaults:3 | Noticed Nikola
 48635 | Vaults:3 | Killed Nikola
 48778 | Vaults:3 | Reached skill level 6 in Spellcasting
 48893 | Vaults:3 | deep troll packs will be so FUN with this 0 GDR character
 49059 | Vaults:3 | Reached skill level 7 in Spellcasting
 49431 | Vaults:3 | Found a staircase to the Crypt.
 49693 | Vaults:4 | Reached skill level 9 in Conjurations
 49704 | Vaults:4 | Reached skill level 9 in Transmutations
 50430 | Vaults:4 | Reached skill level 10 in Conjurations
 50448 | Vaults:4 | Reached skill level 10 in Transmutations
 50808 | Vaults:4 | Reached skill level 12 in Evocations
 51492 | Lair:6   | Learned a level 5 spell: Yara's Violent Unravelling
 51492 | Lair:6   | oh, yara's is 5
 51492 | Lair:6   | more hexes needed
 51692 | Elf:1    | Entered Level 1 of the Elven Halls
 52002 | Elf:1    | Found a flickering gateway to a bazaar.
 52154 | Bazaar   | Entered a bazaar
 52155 | Bazaar   | Found Qyamnoemig's Book Emporium.
 52157 | Bazaar   | Found Irucsiupt's General Store.
 52189 | Bazaar   | Found Septouru's Weapon Shoppe.
 52197 | Bazaar   | Found Buedinai's Antique Weapon Shop.
 52239 | Bazaar   | Bought a scroll of fear for 38 gold pieces
 52239 | Bazaar   | Bought a potion of might for 44 gold pieces
 52239 | Bazaar   | Bought a scroll of magic mapping for 38 gold pieces
 52247 | Bazaar   | Bought a book of Spatial Translocations for 520 gold pieces
 52261 | Elf:1    | Learned a level 2 spell: Blink
 52268 | Elf:1    | Found Plog's One-of-a-Kind Books.
 52392 | Elf:1    | Identified the Grimoire of Shape Shifting
 52446 | Elf:1    | Reached skill level 7 in Hexes
 52560 | Elf:1    | Found Muckael's Jewellery Shoppe.
 52560 | Elf:1    | Found Milec's Gadget Boutique.
 52561 | Elf:1    | Found Zuroleso's Jewellery Shoppe.
 52904 | Elf:2    | Learned a level 1 spell: Summon Butterflies
 53011 | Elf:2    | Found a huge runed gate.
 53013 | Elf:2    | Found a huge runed gate.
 53013 | Elf:2    | Found a huge runed gate.
 53014 | Elf:2    | Found a huge runed gate.
 53014 | Elf:2    | Found a huge runed gate.
 53193 | Elf:2    | Reached skill level 8 in Hexes
 53196 | Elf:2    | Reached XP level 21. HP: 170/188 MP: 19/31
 53220 | Elf:2    | eveningstar of holy wrath
 53220 | Elf:2    | lol
 53494 | Elf:2    | Reached skill level 9 in Hexes
 53673 | Elf:3    | Entered Level 3 of the Elven Halls
 53839 | Elf:3    | Reached skill level 10 in Hexes
 54017 | Elf:3    | Found a shimmering altar of Xom.
 54185 | Elf:3    | Reached skill level 8 in Spellcasting
 54424 | Elf:3    | Learned a level 5 spell: Summon Mana Viper
 54478 | Elf:3    | Reached skill level 1 in Summonings
 54497 | Elf:3    | Reached skill level 2 in Summonings
 54651 | Elf:3    | Reached skill level 3 in Summonings
 54696 | Elf:3    | Reached skill level 9 in Spellcasting
 54696 | Elf:3    | Reached skill level 4 in Summonings
 54909 | Elf:3    | Reached skill level 5 in Summonings
 55118 | Elf:3    | Reached skill level 6 in Summonings
 55469 | Elf:3    | Reached skill level 7 in Summonings
 55499 | Elf:3    | Identified Zezed's Reference Book on Frigorific Attacks
 55514 | Elf:3    | Identified the Reference Book on Poison and the Escort
 55546 | Elf:3    | sharnga
 55546 | Elf:3    | now i can regret not going for bows
 55550 | Elf:3    | Identified The Tome of Greatest Risks and Utility
 55551 | Elf:3    | malign gateway at 100%
 55551 | Elf:3    | with 7 sum and 8 tloc
 55551 | Elf:3    | hmmmmm
 55565 | Elf:3    | i'll have the slots before zot as i'll remove pog anyway
 55565 | Elf:3    | hmmmmm
 55695 | Elf:1    | Bought the ring of Fipserut {+Inv MR+++ EV+1 Dex+2 Stlth-} for 589 gold pieces
 55695 | Elf:1    | one MR ring to end them all
 55699 | Elf:1    | hmmm, should i go for the rmsl scarf then?
 55699 | Elf:1    | i don't need the mr cloak anymore
 56172 | Orc:2    | Bought a scarf of repulsion for 168 gold pieces
 56437 | D:15     | Reached skill level 8 in Summonings
 56523 | D:15     | Killed Roxanne
 56524 | D:15     | Identified Roxanne's Guide on Stones (You took it off Roxanne on level 15 of the Dungeon)
 56639 | Depths:1 | Entered Level 1 of the Depths
 56714 | Depths:1 | Reached skill level 9 in Summonings
 57012 | Depths:1 | Reached XP level 22. HP: 174/195 MP: 35/35
 57044 | Depths:1 | Reached skill level 10 in Summonings
 57197 | Depths:1 | Found a gateway to Hell.
 57664 | Depths:1 | Found a one-way gate to the infinite horrors of the Abyss.
 58728 | Depths:2 | Noticed Asterion
 58766 | Depths:2 | Killed Asterion
 58772 | Depths:2 | Reached skill level 14 in Dodging
 58932 | Depths:2 | Noticed the Enchantress
 59016 | Depths:2 | Killed the Enchantress
 59016 | Depths:2 | Reached skill level 17 in Fighting
 59920 | Depths:2 | Identified the Almanac of Damaging Enchantment
 60036 | Depths:2 | Identified the +11 hand crossbow of Ytaesm {flame, Int+2} (You took it off a spriggan defender on level 2 of the Depths)
 60037 | Depths:2 | huh
 60047 | Depths:2 | it would be decent, IF i wanted to train crossbows
 60047 | Depths:2 | and i don't
 60149 | Depths:2 | Reached skill level 15 in Dodging
 60165 | Depths:2 | Found a one-way gate leading to the halls of Pandemonium.
 60238 | Depths:2 | Reached skill level 18 in Fighting
 60570 | Depths:3 | Noticed a golden dragon
 60574 | Depths:3 | Killed a golden dragon
 60574 | Depths:3 | Reached skill level 9 in Translocations
 60588 | Depths:3 | Reached XP level 23. HP: 196/210 MP: 30/36
 61634 | Depths:3 | Reached skill level 19 in Fighting
 61736 | Depths:4 | Found Udokaceb's Jewellery Boutique.
 61837 | Depths:4 | Found Tedaj's Antique Weapon Shop.
 61839 | Depths:4 | Found Uremubin's Weapon Boutique.
 62118 | Depths:4 | Found a basalt altar of Yredelemnul.
 62147 | Depths:4 | Reached skill level 10 in Translocations
 63059 | Depths:4 | Reached skill level 20 in Fighting
 63089 | Depths:4 | Reached skill level 11 in Translocations
 63372 | Depths:4 | Got a glittering lapis lazuli ring
 63373 | Depths:4 | Identified the ring of Xueg {MR+ Int+3} (You found it on level 4 of the Depths)
 63840 | Depths:5 | Entered Level 5 of the Depths
 64035 | Depths:5 | Found a gateway to a ziggurat.
 64038 | Depths:5 | Found a gate to the Realm of Zot.
 64067 | Depths:4 | Reached skill level 11 in Summonings
 64555 | Depths:5 | Reached XP level 24. HP: 223/223 MP: 36/36
 64559 | Depths:5 | Found Cuguih's Weapon Shop.
 64573 | Depths:5 | Reached skill level 10 in Spellcasting
 64583 | Depths:5 | Reached skill level 12 in Translocations
 64670 | Depths:5 | Noticed a juggernaut
 64688 | Depths:5 | Killed a juggernaut
 65260 | Elf:3    | wait
 65260 | Elf:3    | TSO doesn't allow malign gateway?
 65260 | Elf:3    | I'VE BEEN HAD
 65260 | Elf:3    | damn
 65260 | Elf:3    | that sucks
 65261 | Elf:3    | well that's some xp down the drain
 65345 | Elf:1    | Learned a level 3 spell: Gell's Gravitas
 65349 | Elf:1    | Learned a level 3 spell: Lesser Beckoning
 65353 | Elf:1    | i feel silly now
 65766 | Depths:5 | Got a clouded amber ring
 65767 | Depths:5 | Identified the ring "Nuhagg" {*Drain rElec rC+ rN+} (You found it on level 5 of the Depths)
 65768 | Depths:5 | fuck *drain
 65768 | Depths:5 | really
 65781 | Depths:5 | Noticed a juggernaut
 65788 | Depths:5 | Killed a juggernaut
 65799 | Depths:5 | Noticed a juggernaut
 65812 | Depths:5 | Killed a juggernaut
 65812 | Depths:5 | Reached skill level 13 in Evocations
 65999 | Depths:5 | actually since i'm with tso how about tomb 3rd rune
 65999 | Depths:5 | ex dee
 66249 | Depths:5 | no really, what now
 66249 | Depths:5 | v5 is scary shit
 66249 | Depths:5 | i have no ranged attack for slime
 66249 | Depths:5 | eh i'll do crypt
 66249 | Depths:5 | it's free xp with my weapon
 66556 | Crypt:1  | Entered Level 1 of the Crypt
 66639 | Crypt:1  | Reached skill level 12 in Invocations
 66680 | Crypt:1  | Reached skill level 14 in Evocations
 66719 | Crypt:1  | Noticed Boris
 66727 | Crypt:1  | Killed Boris
 67539 | Crypt:2  | Reached skill level 13 in Invocations
 67755 | Crypt:3  | Entered Level 3 of the Crypt
 68061 | Crypt:3  | Reached skill level 15 in Evocations
 68073 | Crypt:3  | Found an ancient bone altar of Kikubaaqudgha.
 68103 | Crypt:3  | Reached skill level 14 in Invocations
 68183 | Crypt:3  | Reached XP level 25. HP: 226/231 MP: 37/37
 68195 | Crypt:3  | Identified the +1 pair of boots of Jikkog {rC+ rN++ Str-3 Slay+5} (You found it on level 3 of the Crypt)
 68196 | Crypt:3  | uhhhh
 68196 | Crypt:3  | i THINK this is good
 68196 | Crypt:3  | oh wait i have running
 68344 | Crypt:3  | Reached skill level 15 in Invocations
 68464 | Crypt:3  | Noticed Jory
 68489 | Crypt:3  | Killed Jory
 68501 | Crypt:3  | Reached skill level 16 in Invocations
 68745 | Crypt:3  | Found a staircase to the Tomb.
 68759 | Crypt:3  | well
 68759 | Crypt:3  | do i or don't i
 68761 | Tomb:1   | Entered Level 1 of the Tomb of the Ancients
 68837 | Tomb:1   | no gdr will kill me here, probably
 68896 | Tomb:1   | Reached skill level 17 in Invocations
 69081 | Tomb:1   | wouldn't it be cool to have abjuration now
 69081 | Tomb:1   | ha ha
 69081 | Tomb:1   | :/
 69232 | Tomb:1   | Noticed a greater mummy
 69244 | Tomb:1   | Killed a greater mummy
 69376 | Tomb:1   | Noticed a greater mummy
 69381 | Tomb:1   | Noticed a greater mummy
 69383 | Tomb:1   | ok, i have a problem now
 69391 | Tomb:1   | Killed a greater mummy
 69391 | Tomb:1   | Reached skill level 18 in Invocations
 69397 | Tomb:1   | Killed a greater mummy
 69602 | Tomb:1   | dis gon b gud
 69604 | Tomb:2   | i don't like streaks
 69609 | Tomb:2   | Noticed a greater mummy
 69610 | Tomb:2   | Noticed a greater mummy
 69611 | Tomb:2   | Noticed a greater mummy
 69611 | Tomb:2   | Noticed a greater mummy
 69713 | Tomb:1   | Reached skill level 19 in Invocations
 69918 | Tomb:1   | bad ideas 101
 70183 | Tomb:1   | Killed a greater mummy
 70187 | Tomb:1   | Killed a greater mummy
 70775 | Tomb:1   | this is annoying
 70804 | Tomb:1   | Killed a greater mummy
 70804 | Tomb:1   | Reached skill level 11 in Spellcasting
 71197 | Vaults:2 | Learned a level 5 spell: Silence
 71730 | Tomb:1   | Killed a greater mummy
 71730 | Tomb:1   | Reached skill level 5 in Air Magic
 71730 | Tomb:1   | Reached XP level 26. HP: 151/235 MP: 38/38
 72072 | Tomb:2   | Reached skill level 6 in Air Magic
 72213 | Tomb:1   | Noticed a greater mummy
 72236 | Tomb:1   | Killed a greater mummy
 72236 | Tomb:1   | Reached skill level 7 in Air Magic
 72318 | Tomb:1   | Noticed a greater mummy
 72349 | Tomb:1   | Killed a greater mummy
 72349 | Tomb:1   | Reached skill level 8 in Air Magic
 72371 | Tomb:1   | Noticed a greater mummy
 72401 | Tomb:1   | Noticed a greater mummy
 72407 | Tomb:1   | Killed a greater mummy
 72418 | Tomb:1   | Killed a greater mummy
 72453 | Tomb:1   | Noticed a greater mummy
 72464 | Tomb:1   | Killed a greater mummy
 72487 | Tomb:1   | Noticed a greater mummy
 72551 | Tomb:1   | Killed a greater mummy
 72685 | Tomb:1   | Noticed a greater mummy
 72732 | Tomb:1   | Killed a greater mummy
 72732 | Tomb:1   | Reached skill level 16 in Evocations
 72821 | Tomb:1   | oh wait wrong skill
 72847 | Tomb:1   | Noticed a greater mummy
 72902 | Tomb:1   | Killed a greater mummy
 72932 | Tomb:1   | Noticed a greater mummy
 72959 | Tomb:1   | Killed a greater mummy
 73059 | Tomb:1   | exciting gameplay in the exciting branch
 73103 | Tomb:1   | Noticed a greater mummy
 73120 | Tomb:1   | Killed a greater mummy
 73122 | Tomb:1   | Noticed a greater mummy
 73139 | Tomb:1   | Killed a greater mummy
 73158 | Tomb:1   | Noticed a greater mummy
 73182 | Tomb:1   | Killed a greater mummy
 73236 | Tomb:1   | Noticed a greater mummy
 73247 | Tomb:1   | Killed a greater mummy
 73247 | Tomb:1   | Reached skill level 20 in Invocations
 73278 | Tomb:1   | Noticed a greater mummy
 73281 | Tomb:1   | Noticed a greater mummy
 73296 | Tomb:1   | Killed a greater mummy
 73302 | Tomb:1   | Killed a greater mummy
 73306 | Tomb:1   | Noticed a greater mummy
 73326 | Tomb:1   | Killed a greater mummy
 73406 | Tomb:1   | Noticed a greater mummy
 73467 | Tomb:1   | Noticed a greater mummy
 73484 | Tomb:1   | Killed a greater mummy
 73493 | Tomb:1   | Killed a greater mummy
 73647 | Tomb:1   | oh boy here we go
 73647 | Tomb:1   | ah no
 73647 | Tomb:1   | not yet
 73876 | Tomb:2   | Reached skill level 21 in Invocations
 74038 | Tomb:2   | now it's on
 74039 | Tomb:3   | Entered Level 3 of the Tomb of the Ancients
 74065 | Tomb:3   | Noticed a greater mummy
 74067 | Tomb:3   | Noticed a greater mummy
 74401 | Tomb:2   | Killed a greater mummy
 74412 | Tomb:2   | Killed a greater mummy
 74513 | Tomb:3   | Noticed a greater mummy
 74787 | Tomb:3   | Noticed a greater mummy
 75122 | Tomb:2   | Killed a greater mummy
 75152 | Tomb:2   | Killed a greater mummy
 75332 | Tomb:2   | that's a lot of rot
 75721 | Tomb:3   | Reached skill level 22 in Invocations
 76107 | Tomb:3   | Noticed a greater mummy
 76127 | Tomb:3   | Killed a greater mummy
 76127 | Tomb:3   | Reached skill level 13 in Translocations
 76127 | Tomb:3   | Reached XP level 27. HP: 196/219 MP: 38/38
 76274 | Tomb:3   | Noticed a greater mummy
 76286 | Tomb:3   | Killed a greater mummy
 76287 | Tomb:3   | Noticed a greater mummy
 76287 | Tomb:3   | Noticed a greater mummy
 76287 | Tomb:3   | Noticed a greater mummy
 76745 | Tomb:2   | Killed a greater mummy
 76844 | Tomb:2   | Killed a greater mummy
 76943 | Tomb:3   | Killed a greater mummy
 76943 | Tomb:3   | Reached skill level 17 in Maces & Flails
 77153 | Tomb:3   | Got a golden rune of Zot
 77171 | Tomb:3   | wait
 77171 | Tomb:3   | i thought dispersal is in the game
 77171 | Tomb:3   | the fuck
 77171 | Tomb:3   | OH WELL
 78013 | Elf:1    | Bought Balomo's Last Grimoire of the Archmage for 1421 gold pieces
 78022 | Elf:1    | Learned a level 8 spell: Disjunction
 78022 | Elf:1    | i can TOTALLY cast it
 78110 | Elf:1    | Bought a sack of spiders for 280 gold pieces
 78110 | Elf:1    | Bought a sack of spiders for 280 gold pieces
 78110 | Elf:1    | Bought a box of beasts for 280 gold pieces
 78110 | Elf:1    | Bought a wand of scattershot (8/9) for 504 gold pieces
 78250 | Orc:2    | Bought a potion of curing for 96 gold pieces
 78250 | Orc:2    | Bought a potion of curing for 96 gold pieces
 78552 | Vaults:4 | Reached skill level 14 in Translocations
 78694 | Vaults:4 | whatever could go wrong
 78695 | Vaults:5 | Entered Level 5 of the Vaults
 78831 | Vaults:4 | Reached skill level 18 in Maces & Flails
 78945 | Vaults:5 | oops, fun time's over
 79072 | Vaults:5 | Noticed an ancient lich
 79358 | Vaults:5 | Noticed Mara
 79363 | Vaults:5 | Noticed Leszczynek's illusion
 79377 | Vaults:5 | Killed Mara
 79473 | Vaults:5 | Reached skill level 15 in Translocations
 79484 | Vaults:5 | Reached skill level 19 in Maces & Flails
 79534 | Vaults:5 | Identified the Tome of Dislocation and Ignition
 79797 | Vaults:5 | Noticed Sojobo
 79797 | Vaults:5 | oh
 79806 | Vaults:5 | Killed Sojobo
 79834 | Vaults:5 | Killed an ancient lich
 79859 | Vaults:5 | Reached skill level 20 in Maces & Flails
 79881 | Vaults:5 | Reached skill level 16 in Translocations
 79910 | Vaults:5 | Noticed an ancient lich
 80025 | Vaults:5 | Got a silver rune of Zot
 80028 | Vaults:5 | >manual of fighting
 80028 | Vaults:5 | all nice ones
 80099 | Vaults:5 | Noticed Jorgrun
 80118 | Vaults:5 | Killed Jorgrun
 80122 | Vaults:5 | Noticed Margery
 80138 | Vaults:5 | Killed Margery
 80145 | Vaults:5 | might have not been the best idea ever
 80340 | Vaults:5 | Reached skill level 21 in Fighting
 80340 | Vaults:5 | Reached skill level 17 in Translocations
 80343 | Vaults:5 | Found Ibrohyab's Gadget Shoppe.
 80350 | Vaults:5 | Bought a box of beasts for 340 gold pieces
 80350 | Vaults:5 | Bought a wand of confusion (31/48) for 419 gold pieces
 80623 | Vaults:5 | okay, that's enough of joking around
 80924 | Zot:1    | Entered Level 1 of the Realm of Zot
 81001 | Zot:1    | great fucking layout
 81888 | Zot:1    | Reached skill level 18 in Translocations
 82349 | Zot:4    | Reached skill level 22 in Fighting
 82473 | Zot:4    | Noticed Ijustatesigmund's ghost (legendary GrWz)
 82473 | Zot:4    | oh really
 82574 | Zot:4    | Killed Ijustatesigmund's ghost
 82695 | Zot:5    | Entered Level 5 of the Realm of Zot
 83113 | Zot:5    | Reached skill level 19 in Translocations
 83894 | Elf:1    | Bought an uncursed ring of protection from fire for 300 gold pieces
 84644 | Zot:5    | Noticed an orb of fire
 84645 | Zot:5    | Noticed an ancient lich
 84645 | Zot:5    | hello there
 84653 | Zot:5    | Killed an ancient lich
 84668 | Zot:5    | Noticed an orb of fire
 84669 | Zot:5    | Reached skill level 20 in Translocations
 84679 | Zot:5    | Gained mutation: You tend to lose your temper in combat. [an orb of fire]
 84680 | Zot:5    | Killed an orb of fire
 84687 | Zot:5    | Gained mutation: You are frail. (-10% HP) [an orb of fire]
 84689 | Zot:5    | Gained mutation: Your magical capacity is low. (-10% MP) [an orb of fire]
 84693 | Zot:5    | Killed an orb of fire
 84720 | Zot:5    | Lost mutation: You tend to lose your temper in combat. [potion of mutation]
 84720 | Zot:5    | Lost mutation: You are frail. (-10% HP) [potion of mutation]
 84720 | Zot:5    | Lost mutation: Your magical capacity is low. (-10% MP) [potion of mutation]
 84720 | Zot:5    | Gained mutation: You possess an exceptional clarity of mind. [potion of mutation]
 84720 | Zot:5    | Gained mutation: You have sharp fingernails. [potion of mutation]
 84720 | Zot:5    | Gained mutation: You are agile. (Dex +2) [potion of mutation]
 84720 | Zot:5    | Gained mutation: You evolve. [potion of mutation]
 84721 | Zot:5    | okay
 84822 | Zot:5    | Noticed an orb of fire
 84844 | Zot:5    | Killed an orb of fire
 84845 | Zot:5    | mana viper special
 84845 | Zot:5    | antimagic bite
 84869 | Zot:5    | Noticed an orb of fire
 84888 | Zot:5    | Killed an orb of fire
 84933 | Zot:5    | Reached skill level 21 in Translocations
 84966 | Zot:5    | Noticed an orb of fire
 84981 | Zot:5    | Killed an orb of fire
 85139 | Zot:5    | Reached skill level 22 in Translocations
 85448 | Zot:5    | Noticed an orb of fire
 85453 | Zot:5    | Gained mutation: Scrolls take you a little longer to read. [an orb of fire]
 85453 | Zot:5    | Gained mutation: Your body sometimes deteriorates upon taking damage. [an orb of fire]
 85466 | Zot:5    | Killed an orb of fire
 85677 | Zot:5    | Noticed an orb of fire
 85688 | Zot:5    | Noticed an orb of fire
 85689 | Zot:5    | Lost mutation: You evolve. [an orb of fire]
 85694 | Zot:5    | Gained mutation: Your body often deteriorates upon taking damage. [an orb of fire]
 85698 | Zot:5    | Gained mutation: Your muscles are strong. (Str +2) [an orb of fire]
 85704 | Zot:5    | Killed an orb of fire
 85712 | Zot:5    | Gained mutation: Your spells are a little harder to cast, but a little more powerful. [an orb of fire]
 85717 | Zot:5    | Killed an orb of fire
 85717 | Zot:5    | Reached skill level 23 in Translocations
 86190 | Zot:5    | Lost mutation: Your body often deteriorates upon taking damage. [potion of mutation]
 86190 | Zot:5    | Lost mutation: Your body sometimes deteriorates upon taking damage. [potion of mutation]
 86190 | Zot:5    | Lost mutation: You possess an exceptional clarity of mind. [potion of mutation]
 86190 | Zot:5    | Gained mutation: You tend to lose your temper in combat. [potion of mutation]
 86190 | Zot:5    | Gained mutation: Your large and strong wings let you fly indefinitely. [potion of mutation]
 86190 | Zot:5    | Lost mutation: You tend to lose your temper in combat. [potion of mutation]
 86191 | Zot:5    | Lost mutation: Scrolls take you a little longer to read. [potion of mutation]
 86191 | Zot:5    | Lost mutation: Your muscles are strong. (Str +2) [potion of mutation]
 86191 | Zot:5    | Gained mutation: You have supernaturally acute eyesight. (SInv) [potion of mutation]
 86191 | Zot:5    | Gained mutation: You have large cloven feet. [potion of mutation]
 86194 | Zot:5    | Got the Orb of Zot
 86569 | D:12     | Gained mutation: You do not regenerate when monsters are visible. [a cacodemon]
 86574 | D:12     | "The Shining One blesses your butterfly with more time in this world."
 86574 | D:12     | wow
 86676 | D:6      | Killed Quirk's ghost
 86720 | D:4      | Noticed Duasoown the pandemonium lord
 86798 | D:$      | Escaped with the Orb!

Vault maps used:
D:1:      mainiacjoe_arrival_reflecting_pool, corexii_corridor_pit
D:2:      minmay_misc_feat_five
D:3:      chequers_ecumenical_altar_simple_redux, minivault_24,
          guppyfry_early_lair_pool
D:5:      gup_sewer_entry_bubbles, first_bread, grunt_gozag_breadcrumbs
D:6:      lemuel_coloured_pillars_altar, minmay_temple_entry_junction
D:7:      serial_shops, shop
D:8:      kennysheep_windowed_halls, hangedman_little_slice_of_home, uniq_grum,
          uniq_prince_ribbit1
D:9:      dpeg_oklobed_lair, serial_column_ruins, column_ruins_hut,
          column_ruins_open_tiny, column_ruins_open_medium, column_ruins_grid_2,
          column_ruins_grid_4, column_ruins_corridor_straight,
          column_ruins_open_tiny
D:10:     zombieorc2_lemuel
D:11:     kennysheep_cross_room, fedhas_altar_1, uniq_urug
D:12:     hourglass_vault, serial_glass, glass_columns_a, glass_columns_b,
          fungi_pond_lemuel, uniq_sonja
D:14:     grunt_vaults_entry_fortified, minmay_misc_feat_plants, serial_shops,
          nicolae_shop_crystal, hangedman_incinerator
D:15:     grunt_enter_depths_giant_problem, basic_altar, minmay_st_funbox,
          lightli_corner_chamber, uniq_roxanne
Lair:1:   grunt_megastairs_5
Lair:2:   minmay_shoals_entry_beasts, dummy_snake_entry
Lair:3:   beast_lair_carwin_large_4, infiniplex_staircase_pool
Lair:4:   patterned_corridor, minmay_lair_oklob_chamber, uniq_snorg
Lair:5:   slime_altar_1, grunt_megastairs_4
Lair:6:   grunt_lair_end_beastmaster
Shoals:1: uniq_josephine, uniq_aizul
Shoals:2: uniq_kirke
Shoals:4: shoals_end_simple, shoals_ilsuiw_alternative, uniq_polyphemus,
          uniq_ilsuiw
Snake:1:  grunt_megastairs_3
Snake:2:  portal_ice_cave_entry_ice_statue_two, serial_shops, bzr_entry_dummy,
          grunt_ministairs_7, hangedman_snake_corridor_cut
Snake:3:  nicolae_snake_round_shape_thing
Snake:4:  johnstein_snake_rune_scales, serial_shops,
          nicolae_shop_overgrown_old_shop
Orc:1:    basic_altar, serial_shops, shop
Orc:2:    grunt_orc_tribal_feast, enter_volcano_4, nicolae_orc_lava_room
Elf:1:    serial_shops, bzr_entry_water, kennysheep_underground_church,
          minmay_misc_feat_columns, nicolae_rare_books, minmay_shop_grove
Elf:3:    minmay_elf_hall_quartered_circle, basic_altar,
          nicolae_trove_entry_columns
Vaults:1: nicolae_vaults_little_squares_2, nicolae_vaults_big_ls,
          grunt_vaults_hallway_short, vaults_dpeg_hooks, v_misc_9,
          ontoclasm_vaults_ring_large, vaults_room_boxed,
          hangedman_vaults_pinch, nicolae_vaults_little_squares_1,
          hangedman_vaults_snaps, nicolae_vaults_border_crossing,
          nicolae_vaults_little_squares_3, vaults_room_glass_cross,
          grunt_vaults_hallway_short, serial_shops, nicolae_shop_statue_plus,
          nicolae_shop_stone, shop, nicolae_shop_crystal
Vaults:2: vaults_dpeg_encased_lava, v_alt_pattern_1, v_rooms_5, v_pattern_1,
          ontoclasm_vaults_tryst, nicolae_vaults_theta, vaults_dpeg_spiral,
          hangedman_vaults_variations, ontoclasm_vaults_bender,
          vaults_room_door_ring, vaults_room_guarded_vault,
          ontoclasm_vaults_gateway, hangedman_vaults_nails, v_misc_5,
          vaults_room_grid, hangedman_vaults_slice, serial_shops, shop
Vaults:3: nicolae_vaults_network_star, grunt_vaults_hallway_long,
          hangedman_vaults_stretched_pinwheel, blue_anna_dwarven_crypt,
          grunt_vaults_funnel, ontoclasm_vaults_eye, vaults_standard_mumra_x,
          nicolae_vaults_what_the_h, vaults_dpeg_ring, serial_shops,
          nicolae_shop_waterfront, uniq_nikola
Vaults:4: v_rooms_3, hangedman_vaults_stream, ontoclasm_vaults_twist,
          vaults_mumra_hexcomb, st_squares, hangedman_vaults_trim,
          nicolae_vaults_rhombus_5
Vaults:5: uniq_jorgrun, uniq_sojobo, uniq_mara, uniq_margery
Crypt:1:  grunt_crypt_arrival_split, grunt_megastairs_1, uniq_boris
Crypt:3:  grunt_crypt_end_deaths_head
Depths:1: abyss_entry_crystal, grunt_hell_entry_dis_old, serial_bayou_pond_e,
          minmay_pinched_square
Depths:2: kennysheep_demon_jail, grunt_pan_entry_sceptre, special_room,
          hell_entry, serial_co_window_serial, co_window_paths_b,
          co_window_paths_a, co_window_paths_b, co_window_paths_a,
          co_window_paths_a, co_window_cross_4, co_window_of_opportunity_c,
          glass_columns_a, glass_columns_b, glass_columns_c, glass_columns_a,
          corexii_leaking_fountain, infiniplex_staircase_pool_2,
          uniq_enchantress, uniq_asterion
Depths:3: minmay_bad_star, serial_sigils_hangedman_scar, hellmouth_1, pan_entry
Depths:4: grunt_house_of_mirrors, abyss_entry, hangedman_geh_valley,
          lemuel_round_altar, infiniplex_staircase_trident, minmay_shop_star
Depths:5: grunt_crosshair, enter_ziggurat_f, hangedman_abyss_or_decor_passed,
          pan_entry, pf_hell_entry_tar_spiral, serial_shops,
          nicolae_shop_competitors_out_of_business, minmay_evil_grid
Zot:1:    kennysheep_room_grid
Bazaar:   bazaar_kb_twisted_cavern, bazaar_jpeg_ribbon
IceCv:    ice_cave_statue_garden_chambered
Volcano:  volcano_pools

Skill      XL: |  1  2  3  4  5  6  7  8  9 10 11 12 13 14 15 16 17 18 19 20 21 22 23 24 25 26 27 |
---------------+----------------------------------------------------------------------------------+-----
Polearms       | 3 4 |  4.5
Maces & Flails | 1 3 4 7 9 11 12 13 14 15 16 20 | 20.1
Shields        | 2 3 4 10 15 | 15.2
Invocations    | 2 4 6 10 11 14 19 22 | 22.0
Dodging        | 3 5 7 8 10 12 13 15 | 15.0
Fighting       | 8 10 12 13 15 16 18 20 22 | 22.6
Ice Magic      | 4 5 |  5.3
Charms         | 4 6 7 |  7.0
Evocations     | 2 8 9 11 12 15 16 | 16.1
Spellcasting   | 3 7 9 10 11 | 11.5
Hexes          | 4 6 8 10 | 10.0
Translocations | 2 8 9 11 12 13 23 | 23.7
Air Magic      | 2 4 5 8 |  8.2
Conjurations   | 8 10 | 10.0
Transmutations | 8 10 | 10.0
Summonings     | 9 10 11 | 11.7
Stealth        | |  1.0

Action                   |  1- 3 |  4- 6 |  7- 9 | 10-12 | 13-15 | 16-18 | 19-21 | 22-24 | 25-27 || total
-------------------------+-------+-------+-------+-------+-------+-------+-------+-------+-------++-------
Melee: Spear             |   107 |    57 |       |       |       |       |       |       |       ||   164
       Tailslap          |     6 |    18 |    50 |    70 |   199 |   320 |   443 |   478 |   691 ||  2275
       Trident           |       |   165 |   370 |       |       |       |       |       |       ||   535
       Flail             |       |       |    63 |    58 |    93 |    59 |       |       |       ||   273
       Eveningstar       |       |       |       |   502 |  1153 |  1540 |  1949 |  1941 |  2648 ||  9733
Throw: Throwing net      |       |       |       |       |       |     1 |     4 |       |     6 ||    11
 Cast: Spectral Weapon   |       |       |       |       |     7 |    37 |     9 |     4 |     1 ||    58
       Ozocubu's Armour  |       |       |       |       |    36 |    46 |    10 |     8 |    20 ||   120
       Apportation       |       |       |       |       |     2 |     1 |       |     1 |    10 ||    14
       Irradiate         |       |       |       |       |       |       |    12 |    55 |    48 ||   115
       Yara's Violent Un |       |       |       |       |       |       |     8 |    15 |     1 ||    24
       Passage of Golubr |       |       |       |       |       |       |     1 |       |     1 ||     2
       Song of Slaying   |       |       |       |       |       |       |       |     1 |     2 ||     3
       Silence           |       |       |       |       |       |       |       |       |    28 ||    28
       Blink             |       |       |       |       |       |       |       |       |    12 ||    12
       Summon Mana Viper |       |       |       |       |       |       |       |       |    12 ||    12
       Gell's Gravitas   |       |       |       |       |       |       |       |       |     5 ||     5
       Summon Butterflie |       |       |       |       |       |       |       |       |     2 ||     2
Invok: Divine Shield     |       |       |     1 |     6 |    16 |     7 |     4 |     1 |     4 ||    39
       Brand Weapon With |       |       |       |     1 |       |       |       |       |       ||     1
       Cleansing Flame   |       |       |       |       |       |     2 |     1 |     2 |    56 ||    61
       Summon Divine War |       |       |       |       |       |     1 |       |       |     5 ||     6
 Abil: Breathe Steam     |       |       |    19 |    33 |    43 |    64 |    25 |    12 |     8 ||   204
Evoke: Wand              |       |       |       |       |     9 |    26 |    17 |     1 |     9 ||    62
       Lamp of fire      |       |       |       |       |     3 |     3 |     6 |     1 |     3 ||    16
       Lightning rod     |       |       |       |       |       |       |     4 |       |       ||     4
       Box of beasts     |       |       |       |       |       |       |       |       |     1 ||     1
  Use: Scroll            |       |     3 |     5 |    23 |    16 |    12 |     9 |     7 |    10 ||    85
       Potion            |       |       |     5 |       |     1 |     4 |     1 |       |    17 ||    28
 Stab: Sleeping          |     1 |       |       |       |       |       |       |       |       ||     1
  Eat: Chunk             |     1 |     8 |    30 |    33 |    61 |    33 |    44 |    45 |    10 ||   265
       Fruit             |       |       |       |       |       |    13 |       |     1 |     1 ||    15
       Royal jelly       |       |       |       |       |       |     2 |     2 |     4 |     1 ||     9
       Bread ration      |       |       |       |       |       |       |       |     1 |    18 ||    19
Armor: Skin              |    22 |    51 |   113 |   112 |   239 |   173 |   113 |   161 |   292 ||  1276
Dodge: Dodged            |    32 |    81 |   212 |   317 |   640 |   975 |   739 |  1103 |  1665 ||  5764
       Deflected         |       |       |       |       |       |       |       |    29 |    31 ||    60
Block: Buckler           |       |    14 |    91 |   125 |   267 |       |       |       |       ||   497
       Shield            |       |       |       |       |    41 |  1047 |  1075 |  1489 |  2107 ||  5759
